 Dungeon Crawl Stone Soup version 0.19-a0-1100-g56b2fe9 (webtiles) character file.

10857 Deeps the Severer (level 11, -4/60 HPs)
             Began as a Gargoyle Fighter on Aug 8, 2016.
             Was a Priest of Okawaru.
             Killed from afar by mdk's ghost (32 damage)
             ... with a bolt of fire
             ... on level 2 of the Orcish Mines.
             The game lasted 00:30:33 (10254 turns).

Deeps the Severer (Gargoyle Fighter)               Turns: 10254, Time: 00:30:34

Health: -4/60      AC: 19    Str: 22    XL:     11   Next: 68%
Magic:  11/11      EV:  6    Int: 10    God:    Okawaru [***...]
Gold:   1096       SH: 14    Dex:  9    Spells: 0 memorised, 10 levels left

rFire  . . .     SeeInvis .     a - +1 war axe (venom)
rCold  + . .     Gourm    .     N - +1 ring mail {rC+}
rNeg   + . .     Faith    .     u - +0 large shield
rPois  ∞         Spirit   .     b - +2 helmet
rElec  +         Dismiss  .     k - +0 cloak
rCorr  +         Reflect  .     O - +0 pair of gloves
SustAt .         Harm     .     (no boots)
MR     +....                    (no amulet)
Stlth  +.........               x - ring of protection from magic
                                M - ring of resist corrosion

@:
A: negative energy resistance 1, electricity resistance, unbreathing,
petrification resistance, rot immunity, AC +7
a: Heroism, Renounce Religion


You were on level 2 of the Orcish Mines.
You worshipped Okawaru.
Okawaru was most pleased with you.
You were hungry.

You visited 3 branches of the dungeon, and saw 13 of its levels.

You collected 1196 gold pieces.
You spent 100 gold pieces at shops.

Inventory:

Hand Weapons
 a - a +1 war axe of venom (weapon)
 o - the +2 trident of Breach {pierce, rN+ MR+ MP+9}
   (You found it on level 4 of the Dungeon)

   It inflicts extra damage upon your enemies.
   It protects you from negative energy.
   It affects your resistance to hostile enchantments.
   It affects your magic capacity (+9).
Missiles
 A - 7 silver javelins (quivered)
Armour
 b - a +2 helmet (worn)
 c - a +0 chain mail
 k - a +0 cloak (worn)
 u - a +0 large shield (worn)
 C - the +1 ring mail of Gisatas {rN++ MR++ Str-2}
   (You found it on level 6 of the Dungeon)

   It affects your strength (-2).
   It greatly protects you from negative energy.
   It affects your resistance to hostile enchantments.
 N - a +1 ring mail of cold resistance (worn)
 O - a +0 pair of gloves (worn)
 R - a +0 plate armour
Jewellery
 g - the ring "Cuzyolaz" {Wiz -Tele Dex+4}
   (You found it on level 5 of the Dungeon)

   [ring of wizardry]

   It improves your spell success rate.
   It affects your dexterity (+4).
   It prevents most forms of teleportation.
 i - a +4 ring of intelligence
 p - an uncursed ring of ice
 x - a ring of protection from magic (right hand)
 M - a ring of resist corrosion (left hand)
Wands
 w - a wand of paralysis (9/24)
 y - a wand of acid (6/15)
 F - a wand of confusion (25/48)
 G - a wand of flame (12/48)
 I - a wand of digging (6/24)
 L - a wand of lightning (8/15)
Scrolls
 d - 2 scrolls of magic mapping
 e - 10 scrolls of remove curse
 j - 4 scrolls of identify
 l - a scroll of enchant armour
 q - 2 scrolls of fear
 t - a scroll of recharging
 B - a scroll of fog
 K - 2 scrolls of amnesia
Potions
 h - 6 potions of curing
 s - 2 potions of magic
 D - a potion of flight
 Q - a potion of berserk rage {unknown}
Books
 v - a book of the Dragon

   Spells                             Type                      Level
   a - Flame Tongue                   Conjuration/Fire             1
   b - Cause Fear                     Hexes                        4
   c - Bolt of Fire                   Conjuration/Fire             6
   d - Dragon Form                    Transmutation                7
   e - Dragon's Call                  Summoning                    9
 z - a book of Ice

   Spells                             Type                      Level
   a - Ice Form                       Ice/Transmutation            4
   b - Metabolic Englaciation         Hexes/Ice                    5
   c - Ozocubu's Refrigeration        Ice                          6
   d - Bolt of Cold                   Conjuration/Ice              6
   e - Freezing Cloud                 Conjuration/Ice/Air          6
   f - Simulacrum                     Ice/Necromancy               6
 E - a book of Power

   Spells                             Type                      Level
   a - Fulminant Prism                Conjuration/Hexes            4
   b - Iskenderun's Mystic Blast      Conjuration                  4
   c - Venom Bolt                     Conjuration/Poison           5
   d - Bolt of Magma                  Conjuration/Fire/Earth       5
   e - Iron Shot                      Conjuration/Earth            6
   f - Orb of Destruction             Conjuration                  7
   g - Spellforged Servitor           Conjuration/Summoning        7
 H - a book of Maledictions

   Spells                             Type                      Level
   a - Corona                         Hexes                        1
   b - Ensorcelled Hibernation        Hexes/Ice                    2
   c - Confuse                        Hexes                        3
   d - Tukima's Dance                 Hexes                        3
   e - Dazzling Spray                 Conjuration/Hexes            3
 S - a book of Death

   Spells                             Type                      Level
   a - Corpse Rot                     Necromancy                   2
   b - Sublimation of Blood           Necromancy                   2
   c - Agony                          Necromancy                   5
   d - Dispel Undead                  Necromancy                   5
   e - Excruciating Wounds            Charms/Necromancy            5
   f - Bolt of Draining               Conjuration/Necromancy       5
Comestibles
 f - a bread ration
 n - a meat ration
 r - a chunk of flesh
 P - a royal jelly


   Skills:
 - Level 3.4 Fighting
 + Level 15.7 Axes
 - Level 3.4 Armour
 - Level 3.4 Shields


You had 10 spell levels left.
You didn't know any spells.

Dungeon Overview and Level Annotations

Branches:
Dungeon (10/15)            Temple (1/1) D:5            Lair (0/6) D:10
    Orc (2/2) D:10            Elf (0/3) Orc:2

Altars:
Ashenzari
Cheibriados
Dithmenos
Elyvilon
Fedhas
Gozag
Hepliaklqana
Kikubaaqudgha
Makhleb
Nemelex Xobeh
Okawaru
Qazlal
Ru
Sif Muna
Trog
Uskayaw
Vehumet
Xom
Yredelemnul
Zin
The Shining One

Shops:
D:8 [

Annotations:
Orc:2 mdk's ghost, journeyman DECj


Innate Abilities, Weirdness & Mutations

You are resistant to torment.
Your stone body is resilient. (AC +7)
You are immune to poison.
You resist negative energy. (rN+)
You are resistant to electric shocks. (rElec)
You can survive without breathing.
You are immune to petrification.
You are immune to rotting.


Message History

The magic dart hits you! You block the orc's attack.
You block the orc warrior's attack.
You hit the orc priest.
The orc priest is poisoned.
The orc priest is moderately wounded.
You hit the orc warrior but do no damage.
The orc warrior looks as sick as possible!
You closely miss mdk's ghost. You barely miss the orc.
You block mdk's ghost's attack.
The orc priest invokes the aid of Beogh against you.
Beogh smites you! The orc hits you but does no damage.
The orc warrior barely misses you.
You hit the orc priest.
The orc priest is heavily wounded.
You hit the orc warrior but do no damage.
The orc warrior looks as sick as possible!
You slash mdk's ghost! You closely miss the orc.
Mdk's ghost gestures at you while chanting.
The bolt of fire hits you!
Ouch! That really hurt!
You die...

##......###......##
##.#....#......##
###..........##
##.......### ##.....###
##........##
###..........## .
#.....Woo.....##
..#.<.).#@o......##
#....o..o..###.......##
##..o......####.......#
#.........##........##
....................##
......#............##
......#...........##
....#####.......###
#.......#


You could see an orc warrior, an orc priest, mdk's ghost and an orc.

Vanquished Creatures
  An orc high priest (Orc:2)
  The ghost of TrogTrogTrog the Spear-Bearer, a novice NaFi of Hepliaklqana (D:8)
  An unseen horror (D:8)
  Pikel (D:8)
  2 orc sorcerers
  A gargoyle (D:10)
  3 trolls
  Grinder (D:5)
  A wraith (D:9)
  4 hungry ghosts
  A hill giant zombie (D:10)
  A hippogriff (D:10)
  Menkaure (D:5)
  A warg (Orc:2)
  Duvessa (D:5)
  3 ice beasts
  10 orc warriors
  A sky beast (D:8)
  2 phantoms
  An eye of draining (D:8)
  9 ogres
  A centaur (D:9)
  A big kobold (D:9)
  5 giant frogs
  Dowan (D:5)
  2 scorpions (D:7)
  2 troll zombies (D:10)
  7 killer bees
  3 wights (D:8)
  4 howler monkeys
  The ghost of Deeps the Shield-Bearer, a weakling GrFi of Okawaru (D:3)
  A crimson imp (D:7)
  A jelly (D:5)
  7 hounds
  10 orc priests
  A centaur zombie (D:9)
  15 orc wizards
  A giant frog skeleton (D:8)
  4 iguanas
  3 centaur skeletons
  8 worker ants
  5 ogre zombies (D:10)
  A hound zombie (D:6)
  2 hound skeletons
  9 gnolls
  A howler monkey skeleton (D:10)
  7 adders
  4 river rats (D:10)
  4 shadow imps
  2 oozes
  An adder skeleton (D:4)
  4 worms
  A dart slug (D:1)
  5 giant geckos
  48 orcs
  8 giant cockroaches
  10 goblins
  6 hobgoblins
  19 jackals
  3 quokkas
  A ball python (D:3)
  13 bats
  A giant gecko zombie (D:9)
  6 giant newts
  3 goblin skeletons (D:10)
  2 goblin zombies (D:10)
  4 hobgoblin skeletons (D:10)
  A hobgoblin zombie (D:10)
  13 kobolds
  An orc skeleton (D:10)
  14 orc zombies (D:10)
  A quokka zombie (D:9)
  9 rats
  A plant (D:10)
335 creatures vanquished.

Vanquished Creatures (others)
  2 crimson imps (D:8)
  An iguana (D:8)
  An orc wizard (D:8)
  3 gnolls (D:8)
  An adder (D:8)
8 creatures vanquished.

Grand Total: 343 creatures vanquished

Notes
Turn   | Place    | Note
-------+----------+-------------------------------------------
     0 | D:1      | Deeps the Gargoyle Fighter began the quest for the Orb.
     0 | D:1      | Reached XP level 1. HP: 14/14 MP: 1/1
   118 | D:1      | Reached XP level 2. HP: 19/19 MP: 2/2
   170 | D:1      | Reached skill level 2 in Axes
   500 | D:2      | Reached XP level 3. HP: 22/23 MP: 3/3
   577 | D:2      | Reached skill level 3 in Axes
   837 | D:2      | Found a radiant altar of Vehumet.
   904 | D:2      | Reached XP level 4. HP: 28/28 MP: 4/4
   961 | D:2      | Noticed an angel
   963 | D:2      | Found a shimmering altar of Xom.
   964 | D:2      | Found a glowing silver altar of Zin.
  1330 | D:3      | Noticed Deeps's ghost (weakling GrFi)
  1341 | D:3      | Killed Deeps's ghost
  1341 | D:3      | Reached skill level 4 in Axes
  1419 | D:3      | Reached XP level 5. HP: 22/32 MP: 5/5
  2126 | D:4      | Noticed a phantom
  2167 | D:4      | Killed a phantom
  2167 | D:4      | Reached skill level 5 in Axes
  2167 | D:4      | Reached XP level 6. HP: 22/37 MP: 6/6
  2285 | D:4      | Reached skill level 6 in Axes
  2340 | D:4      | Got a crude trident
  2341 | D:4      | Identified the +2 trident of Breach {pierce, rN+ MR+ MP+9} (You found it on level 4 of the Dungeon)
  2568 | D:4      | Reached XP level 7. HP: 40/41 MP: 7/7
  2941 | D:5      | Entered Level 5 of the Dungeon
  2951 | D:5      | Found a bloodstained altar of Trog.
  2951 | D:5      | Noticed Grinder
  2987 | D:5      | Paralysed by Grinder for 4 turns
  2997 | D:5      | Killed Grinder
  2997 | D:5      | Reached skill level 7 in Axes
  3024 | D:5      | Noticed Menkaure
  3028 | D:5      | Gained mutation: You have a somewhat thin skeletal structure. (Dex +2, Stealth) [potion of mutation]
  3028 | D:5      | Gained mutation: Your mind is acute. (Int +2) [potion of mutation]
  3033 | D:5      | Killed Menkaure
  3181 | D:5      | Found a deep blue altar of Sif Muna.
  3204 | D:5      | Found a glowing golden altar of the Shining One.
  3223 | D:5      | Reached skill level 8 in Axes
  3233 | D:5      | Reached XP level 8. HP: 46/46 MP: 8/8
  3321 | D:5      | Got a bound lapis lazuli ring
  3323 | D:5      | Identified the ring "Cuzyolaz" {Wiz -Tele Dex+4} (You found it on level 5 of the Dungeon)
  3413 | D:5      | Found a staircase to the Ecumenical Temple.
  3414 | D:5      | Noticed Duvessa
  3414 | D:5      | Noticed Dowan
  3424 | D:5      | Killed Dowan
  3431 | D:5      | Killed Duvessa
  3449 | Temple   | Entered the Ecumenical Temple
  3579 | D:5      | Found a stormy altar of Qazlal.
  3582 | D:5      | Noticed an air elemental
  3582 | D:5      | Noticed a water elemental
  3743 | D:6      | Reached skill level 9 in Axes
  3994 | D:6      | Got a twisted ring mail
  4005 | D:6      | Identified the +1 ring mail of Gisatas {rN++ MR++ Str-2} (You found it on level 6 of the Dungeon)
  4145 | D:6      | Reached skill level 10 in Axes
  4435 | D:6      | Found a shadowy altar of Dithmenos.
  4532 | D:7      | Reached XP level 9. HP: 45/51 MP: 9/9
  4962 | D:8      | Reached skill level 11 in Axes
  5002 | D:8      | Noticed TrogTrogTrog's ghost (novice NaFi)
  5278 | D:8      | Noticed Pikel
  5456 | D:8      | Killed TrogTrogTrog's ghost
  5456 | D:8      | Reached skill level 12 in Axes
  5466 | D:8      | Killed Pikel
  5466 | D:8      | Reached XP level 10. HP: 26/56 MP: 10/10
  5685 | D:8      | Found a snail-covered altar of Cheibriados.
  6105 | D:8      | Found an iron altar of Okawaru.
  6118 | D:8      | Killed an unseen horror
  6118 | D:8      | Reached skill level 13 in Axes
  6125 | D:8      | Became a worshipper of Warmaster Okawaru
  6196 | D:8      | Found Onophog's Antique Armour Boutique.
  6209 | D:8      | Bought a runed ring mail for 100 gold pieces
  6765 | D:9      | Found a basalt altar of Yredelemnul.
  7219 | D:9      | Found an opulent altar of Gozag.
  7451 | D:10     | Entered Level 10 of the Dungeon
  7529 | D:10     | Reached skill level 14 in Axes
  7530 | D:10     | Reached * piety under Okawaru
  7660 | D:10     | Reached XP level 11. HP: 30/60 MP: 11/11
  7711 | D:10     | Found a staircase to the Orcish Mines.
  7731 | D:10     | HP: 2/60 [hill giant zombie (13)]
  8538 | D:10     | Found a staircase to the Lair.
  8623 | Orc:1    | Entered Level 1 of the Orcish Mines
  8624 | Orc:1    | Noticed an orc sorcerer
  8640 | Orc:1    | Killed an orc sorcerer
  8640 | Orc:1    | Reached ** piety under Okawaru
  9078 | Orc:1    | Reached skill level 15 in Axes
  9232 | Orc:2    | Entered Level 2 of the Orcish Mines
  9247 | Orc:2    | Noticed mdk's ghost (journeyman DECj)
  9386 | Orc:2    | Found a staircase to the Elven Halls.
  9785 | Orc:2    | Reached *** piety under Okawaru
  9824 | Orc:2    | Noticed an orc sorcerer
  9831 | Orc:2    | Killed an orc sorcerer
  9868 | Orc:2    | Noticed an orc high priest
 10130 | Orc:2    | Noticed a sun demon
 10136 | Orc:2    | Killed an orc high priest
 10231 | Orc:2    | Lost mutation: Your mind is acute. (Int +2) [potion of cure mutation]
 10231 | Orc:2    | Lost mutation: You have a somewhat thin skeletal structure. (Dex +2, Stealth) [potion of cure mutation]
 10254 | Orc:2    | Killed from afar by mdk's ghost

Vault maps used:
D:1:      scummos_arrival_star, minmay_misc_feat_encased, minmay_fountain_box
D:2:      grunt_temple_overflow_order_and_chaos_1, vehumet_crystals,
          minmay_cupped
D:4:      first_bread
D:5:      overflow_temple_1_default, bloody_trog,
          nicolae_qazlal_style_of_elements, overflow_temple_1_default,
          uniq_duvessa, uniq_grinder, uniq_menkaure
D:6:      marbit_many_paths
D:8:      nicolae_overflow_crystal_walls, cheibriados_altar_1, serial_shops,
          shop_fountains, uniq_pikel
D:9:      lemuel_round_altar, nicolae_overflow_hidden_temple
D:10:     grunt_lair_entry_orc_guard_hut, zombieorc2_lemuel
Temple:   nicolae_temple_figure_zero
Orc:2:    st_orc_congregation

Skill      XL: |  1  2  3  4  5  6  7  8  9 10 11 |
---------------+----------------------------------+-----
Axes           | 2 3 4 5 6 8 10 12 14 15 | 15.7
Fighting       | |  3.4
Armour         | |  3.4
Shields        | |  3.4

Action                   |  1- 3 |  4- 6 |  7- 9 | 10-12 || total
-------------------------+-------+-------+-------+-------++-------
Melee: War axe           |   122 |   185 |   340 |   644 ||  1291
  Use: Potion            |       |     3 |     7 |     7 ||    17
       Scroll            |       |    10 |     5 |     2 ||    17
  Eat: Chunk             |       |     3 |     7 |     7 ||    17
       Pizza             |       |     1 |       |     1 ||     2
       Bread ration      |       |       |     2 |     2 ||     4
       Beef jerky        |       |       |     2 |     2 ||     4
Armor: Scale mail        |    78 |    97 |     3 |       ||   178
       Chain mail        |       |       |    73 |       ||    73
       Ring mail         |       |       |    61 |   236 ||   297
       Plate armour      |       |       |       |    11 ||    11
Dodge: Dodged            |    42 |    55 |    37 |    93 ||   227
Block: Shield            |    78 |    82 |       |       ||   160
       Large shield      |       |     8 |   198 |   384 ||   590
